 Dungeon Crawl Stone Soup version 0.26-a0-663-g36e8fdb655 (webtiles) character file.

Game seed: 16666759597843040636

1663 robertstho the Chiller (level 9, -5/65 HPs)
             Began as a Gnoll Ice Elementalist on Oct 12, 2020.
             Was a Follower of Sif Muna.
             Slain by a wight
             ... wielding a +5 battleaxe of freezing
              (11 damage)
             ... on level 7 of the Dungeon.
             The game lasted 00:09:59 (6773 turns).

robertstho the Chiller (Gnoll Ice Elementalist)     Turns: 6773, Time: 00:09:59

Health: -5/65      AC:  6    Str: 10    XL:     9   Next: 1%
Magic:  7/27       EV: 15    Int: 22    God:    Sif Muna [*.....]
Gold:   421        SH:  0    Dex: 15    Spells: 5/20 levels left

rFire    . . .     SeeInvis .   s - +1 long sword of Darkness {pain, *Corrode MP+9 Stlth+}
rCold    . . .     Faith    .   (no shield)
rNeg     . . .     Spirit   .   a - +1 robe
rPois    .         Reflect  .   (no helmet)
rElec    .         Harm     .   (no cloak)
rCorr    .         Rampage  .   l - +2 pair of gloves
MR       .....                  (no boots)
Stlth    ++++......             (no amulet)
HPRegen  0.20/turn              (no ring)
MPRegen  0.20/turn              (no ring)

@: about to teleport, drained
A: distributed training, fangs 1, strong nose
a: Channel Magic, Renounce Religion


You were on level 7 of the Dungeon.
You worshipped Sif Muna.
Sif Muna was aware of your devotion.
You visited 1 branch of the dungeon, and saw 7 of its levels.

You collected 421 gold pieces.

Inventory:

Hand Weapons
 b - a +1 short sword
 s - the +1 long sword of Darkness (weapon) {pain, *Corrode MP+9 Stlth+}
   (You found it on level 4 of the Dungeon)

   In the hands of one skilled in necromantic magic, it inflicts extra damage on
   living creatures.
   It affects your magic capacity (+9).
   It may corrode you when you take damage.
   It makes you more stealthy.
Armour
 a - a +1 robe (worn)
 l - a +2 pair of gloves (worn)
Wands
 x - a wand of acid (12)
Scrolls
 c - 2 scrolls of enchant weapon
 g - a scroll of blinking {unknown}
 h - 5 scrolls of teleportation
 j - a scroll of magic mapping
 k - a scroll of random uselessness {unknown}
 n - a scroll of enchant armour
 o - a scroll of noise {unknown}
 q - 5 scrolls of remove curse
Potions
 d - 2 potions of haste
 e - a potion of resistance
 f - a potion of brilliance
 i - a potion of ambrosia
 m - a potion of magic {unknown}
 p - 4 potions of curing {unknown}
 r - a potion of flight {unknown}
 t - a potion of lignification
 v - 2 potions of stabbing
 w - a potion of might


   Skills:
 + Level 3.7(2.8) Fighting
 + Level 3.7(2.8) Short Blades
 + Level 3.7(2.8) Long Blades
 + Level 3.7(2.8) Axes
 + Level 3.7(2.8) Maces & Flails
 + Level 3.7(2.8) Polearms
 + Level 3.7(2.8) Staves
 + Level 3.7(2.8) Slings
 + Level 3.7(2.8) Bows
 + Level 3.7(2.8) Crossbows
 + Level 3.7(2.8) Throwing
 + Level 3.7(2.8) Armour
 + Level 6.0(5.0) Dodging
 + Level 5.7(4.7) Stealth
 + Level 3.7(2.8) Shields
 + Level 3.7(2.8) Unarmed Combat
 + Level 6.3(5.3) Spellcasting
 + Level 3.1(2.2) Conjurations
 + Level 3.1(2.2) Hexes
 + Level 3.1(2.2) Summonings
 + Level 3.1(2.2) Necromancy
 + Level 3.1(2.2) Translocations
 + Level 3.1(2.2) Transmutations
 + Level 3.1(2.2) Fire Magic
 + Level 7.8(6.8) Ice Magic
 + Level 3.1(2.2) Air Magic
 + Level 3.1(2.2) Earth Magic
 + Level 3.1(2.2) Poison Magic
 + Level 4.1(3.2) Invocations
 + Level 3.7(2.8) Evocations


You had 5 spell levels left.
You knew the following spells:

 Your Spells              Type           Power        Failure   Level
a - Freeze                Ice            ####         1%          1
b - Frozen Ramparts       Ice            #####.       1%          3
c - Ozocubu's Armour      Ice            #####...     1%          3
d - Hailstorm             Conj/Ice       ####....     16%         4
e - Summon Ice Beast      Ice/Summ       ####....     16%         4

Your spell library contained the following spells:

 Spells                   Type           Power        Failure   Level


Dungeon Overview and Level Annotations

Branches:
Dungeon (7/15)             Temple (0/1) D:7

Altars:
Ashenzari
Fedhas
Hepliaklqana
Okawaru
Ru
Sif Muna
Trog
Uskayaw
Vehumet
Yredelemnul

Shops:
D:6 (


Innate Abilities, Weirdness & Mutations

Your experience applies equally to all skills.
You have very sharp teeth.
Your uncanny sense of smell can sniff out nearby items.


Message History

Your ice beast barely misses the wight.
The wight closely misses your ice beast.
You barely miss the wight.
The wight is severely damaged.
Your ice beast disappears in a puff of smoke!
The wight hits you with a +5 battleaxe of freezing.
You feel drained. The wight freezes you.
You closely miss the wight.
The wight is severely damaged.
The wight hits you with a +5 battleaxe of freezing!
* * * LOW HITPOINT WARNING * * *
You feel drained.
* * * LOW HITPOINT WARNING * * *
The wight freezes you.
* * * LOW HITPOINT WARNING * * *
Okay, then.
As you read the scroll of teleportation, it crumbles to dust.
You feel strangely unstable.
The wight hits you with a +5 battleaxe of freezing!
You die...

#....###### #....##...# ###
########
#....#....######.######.#.....
#....#........z...........)...
#....#.......@z...........#...
#....#....................# z.
#....#....................# .
#....'....##....###..##..## .#
#....#....##'######..###'###.#
#....#..........#.)..........#
##...#..........'............#
##)..#..........#............#
#....#........[.#............#


You could see 2 wights.

Vanquished Creatures
  Menkaure (D:5)
  A phantom (D:4)
  An ogre (D:5)
  A big kobold (D:7)
  A nameless horror (D:7)
  3 bullfrogs
  A wight (D:7)
  A quasit (D:7)
  A hound (D:5)
  2 jellies
  2 orc priests
  8 orc wizards
  Jessica (D:2)
  A bullfrog skeleton (D:4)
  4 worker ants
  2 hound skeletons
  A hound zombie (D:6)
  A gnoll (D:1)
  11 adders
  3 worms
  18 orcs
  A ball python (D:5)
  6 bats
  6 giant cockroaches
  5 goblins
  7 hobgoblins
  7 jackals
  3 quokkas
  4 frilled lizards
  12 kobolds
  10 rats
126 creatures vanquished.

Vanquished Creatures (collateral kills)
  Eustachio (D:5)
  A sky beast (D:7)
  A phantom (D:6)
  A wight (D:7)
  A bullfrog skeleton (D:7)
  A worker ant zombie (D:5)
  A quokka (D:5)
  A frilled lizard (D:5)
8 creatures vanquished.

Vanquished Creatures (others)
  A wizard (D:6)
1 creature vanquished.

Grand Total: 135 creatures vanquished

Notes
Turn   | Place    | Note
-------+----------+-------------------------------------------
     0 | D:1      | robertstho the Gnoll Ice Elementalist began the quest for
                  | the Orb.
     0 | D:1      | Reached XP level 1. HP: 13/13 MP: 6/6
   252 | D:1      | Reached XP level 2. HP: 19/19 MP: 7/7
   417 | D:1      | Reached skill level 5 in Spellcasting
   417 | D:1      | Reached XP level 3. HP: 25/25 MP: 1/9
   812 | D:2      | Reached skill level 1 in Invocations
   817 | D:2      | Learned a level 3 spell: Frozen Ramparts
   821 | D:2      | Learned a level 3 spell: Ozocubu's Armour
  1070 | D:2      | Reached skill level 1 in Fighting
  1070 | D:2      | Reached skill level 1 in Short Blades
  1070 | D:2      | Reached skill level 1 in Long Blades
  1070 | D:2      | Reached skill level 1 in Axes
  1070 | D:2      | Reached skill level 1 in Maces & Flails
  1070 | D:2      | Reached skill level 1 in Polearms
  1070 | D:2      | Reached skill level 1 in Staves
  1070 | D:2      | Reached skill level 1 in Slings
  1070 | D:2      | Reached skill level 1 in Bows
  1070 | D:2      | Reached skill level 1 in Crossbows
  1070 | D:2      | Reached skill level 1 in Throwing
  1070 | D:2      | Reached skill level 1 in Armour
  1070 | D:2      | Reached skill level 1 in Shields
  1070 | D:2      | Reached skill level 1 in Unarmed Combat
  1070 | D:2      | Reached skill level 1 in Evocations
  1291 | D:2      | Reached XP level 4. HP: 32/32 MP: 7/11
  1390 | D:2      | Noticed Jessica
  1397 | D:2      | Killed Jessica
  1457 | D:2      | Reached skill level 1 in Conjurations
  1457 | D:2      | Reached skill level 1 in Hexes
  1457 | D:2      | Reached skill level 1 in Summonings
  1457 | D:2      | Reached skill level 1 in Necromancy
  1457 | D:2      | Reached skill level 1 in Translocations
  1457 | D:2      | Reached skill level 1 in Transmutations
  1457 | D:2      | Reached skill level 1 in Fire Magic
  1457 | D:2      | Reached skill level 1 in Air Magic
  1457 | D:2      | Reached skill level 1 in Earth Magic
  1457 | D:2      | Reached skill level 1 in Poison Magic
  1842 | D:3      | Reached XP level 5. HP: 36/37 MP: 6/12
  2201 | D:3      | Found a hide-covered altar of Uskayaw.
  2667 | D:3      | Found a faded altar of an unknown god.
  3058 | D:4      | Reached XP level 6. HP: 44/44 MP: 9/13
  3154 | D:4      | Got a dazzling long sword
  3154 | D:4      | Identified the cursed +1 long sword of Darkness {pain,
                  | *Corrode MP+9 Stlth+} (You found it on level 4 of the
                  | Dungeon)
  3306 | D:4      | Reached skill level 5 in Dodging
  4014 | D:4      | Noticed a phantom
  4063 | D:3      | Learned a level 4 spell: Hailstorm
  4068 | D:3      | Learned a level 4 spell: Summon Ice Beast
  4260 | D:4      | Killed a phantom
  4260 | D:4      | Reached XP level 7. HP: 22/50 MP: 15/15
  4485 | D:5      | Entered Level 5 of the Dungeon
  4493 | D:5      | Found a basalt altar of Yredelemnul.
  4493 | D:5      | Found a hazy altar of Hepliaklqana.
  4547 | D:5      | Noticed Menkaure
  4555 | D:5      | Killed Menkaure
  4555 | D:5      | Reached skill level 5 in Stealth
  4590 | D:5      | Noticed Eustachio
  4606 | D:5      | Killed Eustachio
  4606 | D:5      | Reached XP level 8. HP: 13/57 MP: 14/16
  4894 | D:5      | Found a shimmering blue altar of Sif Muna.
  4917 | D:5      | Became a worshipper of Sif Muna the Loreminder
  5079 | D:5      | Found a radiant altar of Vehumet.
  5081 | D:5      | Found a broken altar of Ashenzari.
  5084 | D:5      | Found a sacrificial altar of Ru.
  5104 | D:5      | Found an iron altar of Okawaru.
  5613 | D:6      | Found a basalt altar of Yredelemnul.
  5629 | D:6      | Found a bloodstained altar of Trog.
  5661 | D:6      | Found Gimoph's Weapon Emporium.
  5765 | D:6      | Found a blossoming altar of Fedhas.
  5940 | D:6      | Noticed a wizard
  5947 | D:6      | Killed a wizard
  6397 | D:7      | Reached * piety under Sif Muna
  6607 | D:7      | Found a staircase to the Ecumenical Temple.
  6749 | D:7      | Reached XP level 9. HP: 30/65 MP: 14/18
  6773 | D:7      | Slain by a wight

Illustrated notes

Levels and vault maps discovered:
D:1:      minmay_arrival_four_loops, layout_basic
D:2:      minmay_door_path, layout_loops_cross, chequers_serial_rivers_large_a,
          uniq_jessica
D:3:      layout_loops_ring, lemuel_doored_altar,
          chequers_ecumenical_altar_lobes
D:4:      layout_loops_ring, minmay_misc_feat_hallway,
          chequers_serial_rivers_micro_d
D:5:      layout_rooms, lemuel_round_altar, grunt_temple_overflow_open,
          basic_altar, palyth_stone_intersect, corexii_item_surrounded_by_moat,
          chequers_serial_rivers_micro_c, kennysheep_generic_room_2,
          uniq_eustachio, uniq_menkaure
D:6:      layout_cave_pools, lemuel_round_altar, basic_altar, serial_shops,
          kennysheep_mini_moat, trog_wizard
D:7:      layout_gridville, temple_statues

Skill      XL: |  1  2  3  4  5  6  7  8 |
---------------+-------------------------+-----
Spellcasting   | 5 6 |  6.3
Invocations    | 1 2 3 4 |  4.1
Fighting       | 1 2 3 |  3.7
Short Blades   | 1 2 3 |  3.7
Long Blades    | 1 2 3 |  3.7
Axes           | 1 2 3 |  3.7
Maces & Flails | 1 2 3 |  3.7
Polearms       | 1 2 3 |  3.7
Staves         | 1 2 3 |  3.7
Slings         | 1 2 3 |  3.7
Bows           | 1 2 3 |  3.7
Crossbows      | 1 2 3 |  3.7
Throwing       | 1 2 3 |  3.7
Armour         | 1 2 3 |  3.7
Shields        | 1 2 3 |  3.7
Unarmed Combat | 1 2 3 |  3.7
Evocations     | 1 2 3 |  3.7
Conjurations   | 1 2 3 |  3.1
Hexes          | 1 2 3 |  3.1
Summonings     | 1 2 3 |  3.1
Necromancy     | 1 2 3 |  3.1
Translocations | 1 2 3 |  3.1
Transmutations | 1 2 3 |  3.1
Fire Magic     | 1 2 3 |  3.1
Air Magic      | 1 2 3 |  3.1
Earth Magic    | 1 2 3 |  3.1
Poison Magic   | 1 2 3 |  3.1
Dodging        | 5 6 |  6.0
Stealth        | 5 |  5.7
Ice Magic      | |  7.8

Action                   |  1- 3 |  4- 6 |  7- 9 || total
-------------------------+-------+-------+-------++-------
Melee: Short sword       |    17 |    31 |       ||    48
       Unarmed           |     2 |       |       ||     2
       Bite              |       |     6 |     7 ||    13
       Long sword        |       |    43 |    94 ||   137
       Punch             |       |     1 |     1 ||     2
 Cast: Freeze            |    22 |       |       ||    22
       Frozen Ramparts   |     7 |    21 |    16 ||    44
       Summon Ice Beast  |       |     2 |    17 ||    19
  Use: Scroll            |       |       |    12 ||    12
 Stab: Sleeping          |     3 |    11 |     6 ||    20
       Distracted        |       |       |     1 ||     1
Armor: Robe              |    12 |    10 |    43 ||    65
Dodge: Dodged            |    31 |    59 |    90 ||   180
       Rpst.: Long sword |       |     5 |    15 ||    20

Table legend: (Time is in decaauts)
 A = Elapsed time spent in this place.
 B = Non-inter-level travel time spent in this place.
 C = Inter-level travel time spent in this place.
 D = Time resting spent in this place.
 E = Time spent auto-exploring this place.
 F = Levels seen in this place.
 G = Mean time per level.
                   A        B        C        D        E       F      G
               +--------+--------+--------+--------+--------+-----+--------+
         Total |   6827 |   6676 |    151 |    253 |   5336 |   7 |  975.3 |
       Dungeon |   6827 |   6676 |    151 |    253 |   5336 |   7 |  975.3 |
               +--------+--------+--------+--------+--------+-----+--------+

Top non-repeatable levels by time:
     D:3: 1348 daAuts
     D:4: 1323 daAuts
     D:2: 1060 daAuts
     D:5: 891 daAuts
     D:1: 785 daAuts
     D:6: 744 daAuts
     D:7: 673 daAuts
